[Event "Titled Tuesday Blitz March 15 Early 2022"]
[White "Nakamura, Hikaru"]
[Black "Gareyev, Timur"]
[WhiteFideId "2016192"]
[BlackFideId "14200937"]
[WhiteElo "2850"]
[BlackElo "2582"]
[Result "1-0"]
[Round "03"]
[TimeControl "180+1"]
[Date "2022.03.15"]
[WhiteClock "0:00:12"]
[BlackClock "0:00:01"]

1. Nf3 d6 2. d4 Nf6 3. Nc3 Bf5 4. g3 c6 5. Bg2 Qc8 6. h3 Ne4 7. Nd2 Nxd2 8. Bxd2 e5 9. e4 Bd7 10. Be3 Be7 11. Qh5 g6 12. Qe2 Na6 13. O-O-O Qc7 14. f4 Qa5 15. Kb1 Nc7 16. Qf2 Be6 17. Bd2 Qb6 18. f5 Bc4 19. Na4 Qa6 20. b3 Nb5 21. Bc1 Be2 22. Rd2 Nxd4 23. Bb2 Bb5 24. Bxd4 exd4 25. Qxd4 O-O-O 26. Nc3 Bg5 27. a4 Bxd2 28. Qxd2 Bc4 29. Qd4 d5 30. bxc4 dxc4 31. Qc5 Rd2 32. Bf1 b5 33. axb5 Qa5 34. Qxc4 Rhd8 35. Bd3 R8xd3 36. cxd3 Qa3 37. Na4 Rxd3 38. Qxc6+ Kb8 39. Nb2 Rd2 40. Qe8+ Kb7 41. Qxf7+ Kb8 42. Qg8+ Kb7 43. Qxh7+ Kb8 44. Qh8+ Kb7 45. Rc1 Rxb2+ 46. Qxb2 Qd3+ 47. Qc2 Qb3+ 48. Qxb3 1-0


[Site "https://www.chess.com"]

[Event "Titled Tuesday Blitz March 15 Early 2022"]
[White "Narayanan.S.L"]
[Black "Srihari L R"]
[WhiteFideId "5058422"]
[BlackFideId "46617116"]
[WhiteElo "2494"]
[BlackElo "2121"]
[Result "0-1"]
[Round "03"]
[TimeControl "180+1"]
[Date "2022.03.15"]
[WhiteClock "0:00:00"]
[BlackClock "0:00:17"]

1. g3 d5 2. Bg2 g6 3. c4 d4 4. e3 c5 5. exd4 cxd4 6. d3 Bg7 7. Nf3 Nc6 8. O-O Nf6 9. Re1 O-O 10. a3 a5 11. Ne5 Nxe5 12. Rxe5 Nd7 13. Rb5 Qc7 14. Nd2 Nf6 15. Nf3 Bd7 16. Bf4 Qc8 17. Re5 Bc6 18. Rxe7 Qd8 19. Re1 Nd7 20. Qd2 Nc5 21. Rab1 a4 22. Bh6 Bxf3 23. Bxg7 Kxg7 24. Bxf3 Qf6 25. Bd5 Rae8 26. Re2 Qf5 27. Rd1 b6 28. Be4 Qh5 29. Rde1 Re5 30. Bg2 Rfe8 31. Rxe5 Rxe5 32. Bf1 Nb3 33. Qd1 Qxd1 34. Rxd1 g5 35. f3 f5 36. Kf2 f4 37. Bh3 Kf6 38. Bd7 Nc5 39. Bc6 Re3 40. Be4 h5 41. gxf4 gxf4 42. Bh7 Kg5 43. Rg1+ Kh4 44. Rg7 Nxd3+ 45. Kg2 Ne1+ 46. Kf1 Nxf3 47. Rf7 Kg5 48. Kf2 Nxh2 49. Rf5+ Kh6 50. Bg8 Ng4+ 51. Kf1 f3 52. Bd5 f2 53. Kg2 Re1 54. c5 bxc5 0-1


[Site "https://www.chess.com"]

[Event "Titled Tuesday Blitz March 15 Early 2022"]
[White "Niemann, Hans Moke"]
[Black "Gaehwiler, Gabriel"]
[WhiteFideId "2093596"]
[BlackFideId "1314530"]
[WhiteElo "2632"]
[BlackElo "2383"]
[Result "1/2-1/2"]
[Round "03"]
[TimeControl "180+1"]
[Date "2022.03.15"]
[WhiteClock "0:00:19"]
[BlackClock "0:00:17"]

1. d4 Nf6 2. Nc3 g6 3. e4 d6 4. Nf3 Bg7 5. Be2 a6 6. a4 O-O 7. O-O e5 8. dxe5 dxe5 9. Qxd8 Rxd8 10. Nxe5 Nxe4 11. Nxe4 Bxe5 12. Bg5 Re8 13. Rfe1 Nc6 14. c3 Bf5 15. Nc5 Rab8 16. Bf3 Na5 17. Rad1 Nc4 18. Re2 Bd6 19. Rxe8+ Rxe8 20. Nxb7 Nxb2 21. Nxd6 cxd6 22. Ra1 Bd7 23. a5 Bb5 24. h4 Kg7 25. h5 h6 26. Be3 Nc4 27. Bd4+ Kg8 28. hxg6 fxg6 29. Bd5+ Kf8 30. Kh2 Re2 31. Kg3 h5 32. Kh4 Ne5 33. Kg5 Bd3 34. Rd1 Bc2 35. Rh1 Nf7+ 36. Kf4 Ne5 37. Rh3 Kg7 38. Kg5 Kf8 39. Rh4 Ke8 40. Rf4 Bf5 41. Bb7 Nf7+ 42. Kf6 Kf8 43. Bd5 Ne5 44. Rh4 Ng4+ 45. Kg5 Nxf2 46. Rf4 Ne4+ 47. Kh6 Ke7 48. Kg7 Nc5 49. Rf1 Ne6+ 50. Bxe6 Kxe6 51. g3 Rg2 52. Rf3 Ra2 53. Re3+ Kd5 54. Bb6 Rg2 55. Kf6 Kc6 56. Kg5 Rc2 57. Bd4 Ra2 58. Bb6 Ra4 59. Kf6 Rg4 60. Ke7 Be4 61. Kd8 d5 62. Kc8 g5 63. Kb8 h4 64. gxh4 gxh4 65. Ka7 Kb5 66. Re2 Rg7+ 67. Kb8 h3 68. Rb2+ Kc6 69. Bd4 Rg8+ 70. Ka7 Rg7+ 71. Kb8 Rh7 72. Rb6+ Kd7 73. Rxa6 h2 74. Ra7+ Ke6 75. Rxh7 Bxh7 76. a6 h1=Q 77. a7 Qb1+ 78. Kc7 Qa2 79. Kb7 Qb3+ 80. Ka6 Qa4+ 81. Kb7 Qb5+ 82. Kc7 Qa6 83. Kb8 Qd6+ 84. Kb7 Qd7+ 85. Kb8 Qb5+ 86. Kc7 Qa6 87. Kb8 Kd7 88. a8=Q Qxa8+ 89. Kxa8 Kc6 90. Kb8 Bd3 91. Kc8 Bc4 92. Kd8 Bd3 93. Ke7 Bc4 94. Kf6 Bd3 95. Ke5 Bc4 96. Kf4 Bb5 97. Be3 Bc4 98. Ke5 Bb5 99. Kd4 Bc4 100. Bd2 Bb5 101. Bc1 Bc4 102. Ba3 Bb5 103. c4 Bxc4 104. Bb4 Bb5 105. Bc5 Bc4 106. Bb4 Bb5 107. Ba3 Bc4 108. Bb2 Bb5 1/2-1/2


[Site "https://www.chess.com"]

[Event "Titled Tuesday Blitz March 15 Early 2022"]
[White "Odegov, Artem"]
[Black "Muradli, Mahammad"]
[WhiteFideId "34183644"]
[BlackFideId "13409301"]
[WhiteElo "2286"]
[BlackElo "2611"]
[Result "0-1"]
[Round "03"]
[TimeControl "180+1"]
[Date "2022.03.15"]
[WhiteClock "0:00:08"]
[BlackClock "0:00:12"]

1. d4 b6 2. Nf3 Bb7 3. c3 f5 4. g3 Nf6 5. Bg2 e6 6. O-O Be7 7. Bf4 O-O 8. Nbd2 d6 9. Re1 Ne4 10. Qb3 d5 11. h4 Nd7 12. Nxe4 fxe4 13. Ng5 Rf6 14. f3 h6 15. fxe4 hxg5 16. hxg5 Rxf4 17. gxf4 Bxg5 18. fxg5 Qxg5 19. Rf1 Nf6 20. c4 dxc4 21. Qh3 Re8 22. e5 Nh5 23. Rf2 Nf4 24. Rxf4 Bxg2 25. Qh2 Bd5+ 26. Kf2 Qe7 27. Rg1 Rf8 28. e3 Qb4 29. Rxf8+ Qxf8+ 30. Qf4 Qb4 31. Qg5 Qxb2+ 32. Kg3 Qb4 33. Qd8+ Qf8 34. Qxf8+ Kxf8 35. Kf4 b5 36. e4 Bb7 37. d5 exd5 38. Rb1 a6 39. exd5 Bxd5 40. Rd1 c6 41. Kf5 Ke7 42. Rg1 Be6+ 43. Ke4 Kf7 44. Kd4 b4 45. Rf1+ Ke7 46. Rg1 Kf7 47. Rf1+ Kg8 48. Rb1 a5 49. Rd1 a4 50. Rb1 b3 51. axb3 cxb3 52. Kc3 a3 53. Rd1 a2 54. Kb2 Bd5 55. Re1 Kf7 56. e6+ Bxe6 57. Rf1+ Kg8 58. Rc1 Bd5 59. Rd1 g6 60. Rc1 Kg7 61. Re1 g5 62. Re8 Kg6 63. Re7 g4 64. Re3 Kf5 65. Re8 Kf4 66. Rf8+ Ke3 67. Rd8 Kf3 68. Rd6 g3 69. Rf6+ Ke2 70. Rxc6 Bxc6 71. Kxb3 g2 72. Kxa2 g1=Q 73. Kb2 Qc5 74. Kb3 Bd5+ 75. Ka4 Qb6 76. Ka3 Qb3# 0-1


[Site "https://www.chess.com"]

[Event "Titled Tuesday Blitz March 15 Early 2022"]
[White "Oganisian, Roman"]
[Black "Samadov, Read"]
[WhiteFideId "4153006"]
[BlackFideId "13417444"]
[WhiteElo "2204"]
[BlackElo "2084"]
[Result "0-1"]
[Round "03"]
[TimeControl "180+1"]
[Date "2022.03.15"]
[WhiteClock "0:00:02"]
[BlackClock "0:00:11"]

1. e4 c5 2. Nc3 d6 3. g4 Nc6 4. Bg2 g6 5. d3 Bg7 6. f4 e5 7. f5 Qh4+ 8. Kf1 Qd8 9. Nf3 h5 10. h3 hxg4 11. hxg4 Rxh1+ 12. Bxh1 gxf5 13. exf5 Nge7 14. Ne4 d5 15. Nxc5 Qd6 16. Be3 b6 17. Nb3 Ba6 18. Kf2 O-O-O 19. Ng5 e4 20. Qg1 d4 21. Bc1 e3+ 22. Ke2 Rh8 23. Nf3 Nd5 24. g5 Nf4+ 25. Kd1 Nh3 26. Qg2 Nf2+ 27. Ke2 Rxh1 28. Bxe3 Rxa1 29. Bxf2 Rxa2 30. f6 Bf8 31. Nfxd4 Nxd4+ 32. Nxd4 Qe5+ 33. Be3 Bb7 34. Qg4+ Kb8 35. Kd2 Qh2+ 36. Kc3 Bd6 37. g6 Qe5 38. g7 Qa5+ 0-1


[Site "https://www.chess.com"]

[Event "Titled Tuesday Blitz March 15 Early 2022"]
[White "Omariev, Maksim"]
[Black "Fernandez Guillen, Ernesto J."]
[WhiteFideId "4193423"]
[BlackFideId "3512428"]
[WhiteElo "2462"]
[BlackElo "2380"]
[Result "0-1"]
[Round "03"]
[TimeControl "180+1"]
[Date "2022.03.15"]
[WhiteClock "0:00:02"]
[BlackClock "0:00:12"]

1. g4 d5 2. Bg2 Bxg4 3. c4 Be6 4. Qb3 Qc8 5. cxd5 Bd7 6. Nc3 Nf6 7. e4 c6 8. e5 Nh5 9. Nge2 e6 10. d6 g6 11. d4 Bg7 12. Be3 O-O 13. O-O-O b6 14. Kb1 Qd8 15. Ne4 f5 16. Bg5 Qe8 17. N4g3 h6 18. Bd2 Nxg3 19. hxg3 g5 20. f4 g4 21. Rc1 Kh7 22. Qd3 Qd8 23. Rh4 Kg8 24. Rch1 a5 25. Rxh6 Bxh6 26. Rxh6 Kg7 27. Rh1 Rh8 28. Qe3 Rxh1+ 29. Bxh1 Qh8 30. Qg1 Na6 31. Bg2 Qh5 32. Qe3 Rh8 33. Be1 Qh2 34. Qf2 Nb4 35. Bxb4 axb4 36. Kc2 c5 37. dxc5 bxc5 38. b3 Bc6 39. Qxc5 Qxg2 40. Kd2 Qd5+ 41. Qxd5 Bxd5 42. Nd4 Ra8 43. Nb5 Kf7 44. Ke3 Rxa2 45. Nc7 Rc2 46. Kd4 Bb7 47. Nb5 Ke8 48. Kd3 Rc1 49. Kd2 Rc5 50. Nd4 Kd7 51. Ke3 Bd5 52. Kd3 Rc3+ 53. Kd2 Rxg3 0-1


[Site "https://www.chess.com"]

[Event "Titled Tuesday Blitz March 15 Early 2022"]
[White "Orlov, Georgi"]
[Black "San, Thit Lwin"]
[WhiteFideId "2011271"]
[BlackFideId "13001272"]
[WhiteElo "2547"]
[BlackElo "2232"]
[Result "1-0"]
[Round "03"]
[TimeControl "180+1"]
[Date "2022.03.15"]
[WhiteClock "0:00:13"]
[BlackClock "0:00:04"]

1. d4 Nf6 2. Nf3 c5 3. d5 e6 4. c4 exd5 5. cxd5 d6 6. Nc3 g6 7. e4 Bg7 8. Be2 O-O 9. Nd2 a6 10. a4 Nbd7 11. O-O Qc7 12. Qc2 Rb8 13. Re1 Re8 14. Nf1 c4 15. a5 Ne5 16. Be3 h6 17. f3 g5 18. Nd2 Bd7 19. Na4 Bb5 20. Nb6 Qe7 21. Ndxc4 Nxc4 22. Bxc4 Bxc4 23. Nxc4 Rbc8 24. Rab1 Nd7 25. Qe2 Be5 26. Rbc1 Qd8 27. b4 Qf6 28. Qd2 Qg7 29. Kh1 Nf8 30. Nxe5 Qxe5 31. Bd4 Qe7 32. Qb2 Nd7 33. Rxc8 Rxc8 34. Rc1 Re8 35. Rc7 f5 36. exf5 Qe1+ 37. Bg1 Ne5 38. f6 Nf7 39. Qd4 Qf1 40. Re7 Rc8 41. Qe4 1-0


[Site "https://www.chess.com"]

[Event "Titled Tuesday Blitz March 15 Early 2022"]
[White "Ovezdurdyyeva, Jemal"]
[Black "Budrewicz, Krzysztof"]
[WhiteFideId "14001888"]
[BlackFideId "1127950"]
[WhiteElo "1946"]
[BlackElo "2248"]
[Result "0-1"]
[Round "03"]
[TimeControl "180+1"]
[Date "2022.03.15"]
[WhiteClock "0:01:35"]
[BlackClock "0:02:55"]

1. e4 g6 2. d4 Bg7 3. Nf3 d6 4. Be3 Nf6 5. Bd3 O-O 6. O-O Nc6 7. Nbd2 e5 8. d5 Ne7 9. c4 Ng4 10. Bg5 h6 11. Bh4 f5 12. exf5 gxf5 13. Bg3 e4 0-1


[Site "https://www.chess.com"]

[Event "Titled Tuesday Blitz March 15 Early 2022"]
[White "P., Komal Kishore"]
[Black "Foisor, Sabina-Francesca"]
[WhiteFideId "5016703"]
[BlackFideId "1212915"]
[WhiteElo "2111"]
[BlackElo "2243"]
[Result "1-0"]
[Round "03"]
[TimeControl "180+1"]
[Date "2022.03.15"]
[WhiteClock "0:00:10"]
[BlackClock "0:00:16"]

1. e4 c6 2. d4 g6 3. Nc3 d5 4. Nf3 Bg7 5. Bd3 dxe4 6. Nxe4 Nf6 7. c3 O-O 8. O-O Nxe4 9. Bxe4 Nd7 10. Bf4 Nf6 11. Bc2 Bg4 12. h3 Bxf3 13. Qxf3 Qd5 14. Qxd5 cxd5 15. Rfe1 e6 16. a4 b6 17. a5 b5 18. a6 Rfc8 19. Bd3 Nh5 20. Bd6 Rc6 21. Bc5 Rb8 22. Bxa7 Ra8 23. Bxb5 Rcc8 24. Bc5 Bf8 25. b4 Nf6 26. f3 Bxc5 27. dxc5 Kf8 28. Ra2 Ke7 29. a7 Rc7 30. Rea1 Nd7 31. Bxd7 Kxd7 32. Ra6 Kc8 33. c6 f6 34. b5 e5 35. Kf2 d4 36. cxd4 exd4 37. Ke2 Re7+ 38. Kd3 Kc7 39. Kxd4 Re2 40. Rc1 Rd8+ 41. Kc5 Ra8 42. b6+ Kd8 43. b7 Re5+ 44. Kd4 1-0


[Site "https://www.chess.com"]

[Event "Titled Tuesday Blitz March 15 Early 2022"]
[White "Pajeken, Jakob Leon"]
[Black "Xie, Bryan"]
[WhiteFideId "12942839"]
[BlackFideId "30941296"]
[WhiteElo "2351"]
[BlackElo "1899"]
[Result "1-0"]
[Round "03"]
[TimeControl "180+1"]
[Date "2022.03.15"]
[WhiteClock "0:00:06"]
[BlackClock "0:00:01"]

1. d4 Nf6 2. Nf3 e6 3. Bf4 b6 4. e3 Bb7 5. Bd3 Be7 6. h3 O-O 7. c3 d5 8. Nbd2 c5 9. Qb1 Nbd7 10. g4 h6 11. Rg1 cxd4 12. exd4 Re8 13. g5 hxg5 14. Nxg5 Nh5 15. Bh7+ Kf8 16. Nxf7 Qc8 17. Qg6 Ndf6 18. Bh6 Bd8 19. Bxg7+ Ke7 20. Bxf6+ Nxf6 21. Ne5 Kd6 22. c4 Ba6 23. Rc1 Qb7 24. c5+ bxc5 25. Nf7+ Ke7 26. Nxd8 Raxd8 27. Qg7+ Kd6 28. dxc5+ Kc6 29. Qxf6 Qxh7 30. Rc3 Qh5 31. Nf3 d4 32. Ne5+ Kd5 33. Nf3 dxc3 34. Rg5+ Qxg5 35. Qxg5+ Kc6 36. bxc3 Rd5 37. Qe3 Red8 38. Nd4+ Kxc5 39. Nxe6+ Kc4 40. Nxd8 Rxd8 41. Qe6+ Kd3 42. Qxa6+ 1-0


[Site "https://www.chess.com"]

[Event "Titled Tuesday Blitz March 15 Early 2022"]
[White "Perez Leiva, Jerzy Jesus"]
[Black "Pakleza, Zbigniew"]
[WhiteFideId "3524337"]
[BlackFideId "1119290"]
[WhiteElo "2261"]
[BlackElo "2467"]
[Result "0-1"]
[Round "03"]
[TimeControl "180+1"]
[Date "2022.03.15"]
[WhiteClock "0:00:13"]
[BlackClock "0:00:45"]

1. e4 d6 2. d4 Nf6 3. Nc3 c6 4. f4 Qb6 5. e5 Nd5 6. Nf3 Bf5 7. Nxd5 cxd5 8. Bd3 Bxd3 9. Qxd3 e6 10. f5 Nc6 11. fxe6 fxe6 12. exd6 Bxd6 13. c3 O-O-O 14. Bg5 Rde8 15. O-O-O h6 16. Bh4 g5 17. Bg3 Bxg3 18. hxg3 Qc7 19. Nd2 e5 20. dxe5 Qxe5 21. Kb1 Qe2 22. Qxd5 Rd8 23. Qf5+ Kb8 24. Kc2 Qxg2 25. Rhg1 Rxd2+ 0-1


[Site "https://www.chess.com"]

[Event "Titled Tuesday Blitz March 15 Early 2022"]
[White "Petrova, Irina"]
[Black "Xu, Yi"]
[WhiteFideId "14124122"]
[BlackFideId "8605564"]
[WhiteElo "1993"]
[BlackElo "2471"]
[Result "0-1"]
[Round "03"]
[TimeControl "180+1"]
[Date "2022.03.15"]
[WhiteClock "0:00:53"]
[BlackClock "0:01:40"]

1. e4 c5 2. Nf3 d6 3. Bb5+ Nd7 4. O-O a6 5. Bxd7+ Bxd7 6. d4 cxd4 7. Qxd4 e5 8. Qd3 Nf6 9. a4 Be7 10. c4 O-O 11. Bg5 b5 12. axb5 axb5 13. Rxa8 Qxa8 14. Bxf6 bxc4 15. Qxc4 Bxf6 16. Nc3 Be6 17. Qd3 Qb8 18. Nd5 Bxd5 19. Qxd5 Rc8 20. b3 Qb4 21. h3 h6 22. Rd1 Be7 23. Nh2 g6 24. Ng4 Kg7 25. Ne3 Rc3 26. Rd3 Rc5 27. Qa8 Qe1+ 28. Kh2 Rc1 29. Nd5 Bh4 0-1


[Site "https://www.chess.com"]

[Event "Titled Tuesday Blitz March 15 Early 2022"]
[White "Popadic, Dragan"]
[Black "Manolache, Marius"]
[WhiteFideId "913650"]
[BlackFideId "1201530"]
[WhiteElo "2222"]
[BlackElo "2389"]
[Result "0-1"]
[Round "03"]
[TimeControl "180+1"]
[Date "2022.03.15"]
[WhiteClock "0:00:01"]
[BlackClock "0:02:14"]

1. e4 c5 2. Nc3 a6 3. d3 Nc6 4. g4 d6 5. Bg2 g6 6. Nh3 Bg7 7. O-O Nd4 8. f4 e6 9. Ne2 Nxe2+ 10. Qxe2 h5 11. g5 Ne7 12. c3 Qc7 13. Bd2 b6 14. Rae1 Bb7 15. Kh1 O-O-O 16. b4 Kb8 17. Rc1 Rc8 18. a4 Qd7 19. a5 b5 20. c4 bxc4 21. dxc4 cxb4 22. Bxb4 Bd4 23. Rfd1 Bc5 24. Bc3 Rhd8 25. Bf6 Re8 26. Rb1 Ka7 27. Nf2 Nc6 28. Nd3 Bd4 29. Nb4 Bxf6 30. gxf6 Nxb4 31. Rxb4 Qc6 32. Rdb1 Rc7 0-1


[Site "https://www.chess.com"]

[Event "Titled Tuesday Blitz March 15 Early 2022"]
[White "Prohorov, Olexandr"]
[Black "Weishaeutel, Moritz"]
[WhiteFideId "14105578"]
[BlackFideId "12967300"]
[WhiteElo "1993"]
[BlackElo "2002"]
[Result "1-0"]
[Round "03"]
[TimeControl "180+1"]
[Date "2022.03.15"]
[WhiteClock "0:00:42"]
[BlackClock "0:00:01"]

1. Nf3 d5 2. d4 Nf6 3. c4 e6 4. Nc3 Be7 5. Bf4 O-O 6. e3 b6 7. Rc1 Bb7 8. cxd5 exd5 9. Bd3 c5 10. O-O Nc6 11. dxc5 bxc5 12. Na4 Qa5 13. b3 Rac8 14. Qe2 Rfd8 15. Rfd1 c4 16. Bb1 cxb3 17. axb3 Ne4 18. Nd4 Nxd4 19. exd4 Ba3 20. Rxc8 Rxc8 21. f3 Nf6 22. Bg5 Qa6 23. Qd2 Qb5 24. Bxf6 Qxb3 25. Bxg7 Kxg7 26. Nc5 Bxc5 27. dxc5 Rxc5 28. Qg5+ Kf8 29. Re1 Qb6 30. Qe7+ Kg7 31. Kh1 Rc7 32. Qe5+ f6 33. Qh5 Bc6 34. Qxh7+ Kf8 35. Qh8+ Kf7 36. Bh7 Re7 37. Qg8# 1-0


[Site "https://www.chess.com"]

[Event "Titled Tuesday Blitz March 15 Early 2022"]
[White "Quirke, Jeffrey"]
[Black "Demin, Vladimir"]
[WhiteFideId "2013029"]
[BlackFideId "4167457"]
[WhiteElo "2252"]
[BlackElo "2500"]
[Result "0-1"]
[Round "03"]
[TimeControl "180+1"]
[Date "2022.03.15"]
[WhiteClock "0:00:06"]
[BlackClock "0:01:50"]

1. c4 Nf6 2. g3 e6 3. Bg2 d5 4. Nf3 Be7 5. O-O O-O 6. d4 dxc4 7. Qc2 b5 8. a4 bxa4 9. Nbd2 Bb7 10. Nxc4 c5 11. Rd1 cxd4 12. Be3 Nc6 13. Nxd4 Nxd4 14. Rxd4 Qc8 15. Bxb7 Qxb7 16. Nd6 Bxd6 17. Rxd6 Nd5 18. Bf4 Rac8 19. Qxa4 Qxb2 20. Qxa7 Qxe2 21. Be3 Rc2 22. Rd7 h5 23. h4 Rc3 24. Ra3 Nxe3 25. fxe3 Rc1+ 0-1


[Site "https://www.chess.com"]

[Event "Titled Tuesday Blitz March 15 Early 2022"]
[White "Riazantsev, Alexander"]
[Black "Dubov, Daniil"]
[WhiteFideId "4125029"]
[BlackFideId "24126055"]
[WhiteElo "2595"]
[BlackElo "2791"]
[Result "0-1"]
[Round "03"]
[TimeControl "180+1"]
[Date "2022.03.15"]
[WhiteClock "0:00:05"]
[BlackClock "0:00:04"]

1. d4 e6 2. e4 d5 3. Nc3 Bb4 4. e5 c5 5. a3 Bxc3+ 6. bxc3 Qc7 7. Nf3 Nc6 8. Be2 Nge7 9. O-O Bd7 10. a4 f6 11. exf6 gxf6 12. c4 O-O-O 13. c3 Rhg8 14. Ba3 cxd4 15. cxd4 dxc4 16. Rc1 Nd5 17. Bxc4 Kb8 18. Re1 Qa5 19. Bd6+ Ka8 20. Bg3 Nce7 21. Bb5 Bxb5 22. axb5 Qxb5 23. Rxe6 Rc8 24. Ra1 Nc6 25. Qe1 a6 26. Rb1 Qd3 27. Rd1 Qc3 28. Qe2 Qb3 29. Ra1 Ndb4 30. Rxf6 Rge8 31. Be5 Nc2 32. Rd1 N2xd4 33. Nxd4 Rxe5 34. Nxb3 Rxe2 35. h4 Rb2 36. Nc5 Ne5 37. Nxa6 bxa6 38. Rxa6+ Kb7 39. Rh6 Rc7 40. f3 Ng6 41. Rd4 Rg7 42. Rg4 Rf7 43. h5 Ne5 44. Re4 Nd3 45. Rhe6 Nf4 46. Re7+ Rxe7 47. Rxe7+ Kc6 48. Rxh7 Rxg2+ 49. Kh1 Rg3 50. Kh2 Rxf3 51. h6 Rh3+ 52. Kg1 Kd5 53. Rh8 Ke4 54. h7 Kf3 55. Ra8 Ne2+ 0-1


[Site "https://www.chess.com"]

[Event "Titled Tuesday Blitz March 15 Early 2022"]
[White "Royal, Shreyas"]
[Black "Gatterer, Florian"]
[WhiteFideId "448869"]
[BlackFideId "811688"]
[WhiteElo "1986"]
[BlackElo "2218"]
[Result "1-0"]
[Round "03"]
[TimeControl "180+1"]
[Date "2022.03.15"]
[WhiteClock "0:00:13"]
[BlackClock "0:00:01"]

1. b3 e5 2. Bb2 Nc6 3. g3 Nf6 4. Bg2 d5 5. e3 Bd6 6. c4 d4 7. Ne2 Nb4 8. O-O Nd3 9. Ba3 Bxa3 10. Nxa3 Nb4 11. exd4 exd4 12. Nb5 c5 13. Nf4 O-O 14. a3 Nc6 15. Nd5 Nxd5 16. cxd5 Ne5 17. f4 Ng6 18. a4 a6 19. Na3 Bf5 20. Qh5 Qd7 21. h3 b5 22. axb5 axb5 23. Nxb5 Bd3 24. Rxa8 Rxa8 25. d6 Rf8 26. Qxc5 Qxb5 27. Qxb5 Bxb5 28. Rc1 Rd8 29. Rc5 Bd7 30. b4 Nf8 31. f5 Rb8 32. Bc6 Bxc6 33. Rxc6 Rxb4 34. Rc8 Rb7 35. Rc7 Rb8 36. Kf2 Rd8 37. Rc6 f6 38. Kf3 Nd7 39. Ke4 Ne5 40. Ra6 d3 41. Kd5 h5 42. Ke6 Re8+ 43. Kd5 Rd8 44. Ra7 Rd7 45. Rxd7 Nxd7 46. Kc6 Ne5+ 47. Kc7 Kf7 48. d7 Nxd7 49. Kxd7 g6 50. g4 hxg4 51. hxg4 1-0


[Site "https://www.chess.com"]

[Event "Titled Tuesday Blitz March 15 Early 2022"]
[White "Rustemov, Alexander"]
[Black "Sarkar, Justin"]
[WhiteFideId "4119002"]
[BlackFideId "2010011"]
[WhiteElo "2753"]
[BlackElo "2038"]
[Result "1-0"]
[Round "03"]
[TimeControl "180+1"]
[Date "2022.03.15"]
[WhiteClock "0:01:17"]
[BlackClock "0:00:02"]

1. d4 Nf6 2. c4 g6 3. Nf3 Bg7 4. g3 O-O 5. Bg2 c5 6. O-O d6 7. Nc3 Nc6 8. dxc5 dxc5 9. Bf4 Be6 10. Ne5 Nxe5 11. Bxe5 Qb6 12. Qb3 Nd7 13. Bxg7 Kxg7 14. Qxb6 Nxb6 15. b3 Rab8 16. Rfd1 Nc8 17. Rd2 Nd6 18. Rad1 b5 19. cxb5 Nxb5 20. Nxb5 Rxb5 21. Bd5 Bxd5 22. Rxd5 a5 23. Rc1 a4 24. Rdxc5 Rxc5 25. Rxc5 axb3 26. axb3 Rb8 27. Rc3 e5 28. Kf1 Ra8 29. Ke1 1-0


[Site "https://www.chess.com"]

[Event "Titled Tuesday Blitz March 15 Early 2022"]
[White "Sailer, Mike"]
[Black "Rengifo Blancas, Renzo Jhonathan"]
[WhiteFideId "2012901"]
[BlackFideId "3807185"]
[WhiteElo "2109"]
[BlackElo "2058"]
[Result "0-1"]
[Round "03"]
[TimeControl "180+1"]
[Date "2022.03.15"]
[WhiteClock "0:00:40"]
[BlackClock "0:01:19"]

1. d4 d5 2. Nf3 c5 3. Bf4 cxd4 4. Bxb8 Rxb8 5. Qxd4 Nf6 6. Qxa7 Bg4 7. Nc3 Bxf3 8. exf3 e6 9. O-O-O Bd6 10. Bb5+ Ke7 11. Rhe1 Qc7 12. Nxd5+ Nxd5 13. Rxd5 Ra8 14. Qd4 Rxa2 15. Rxd6 Qxd6 16. Qxd6+ Kxd6 17. Re3 Rd8 18. Kb1 Ra5 19. c4 Ke7 20. Kc2 Ra1 21. Re2 Rg1 22. g3 g5 23. b4 Rh1 24. Re5 Kf6 25. Re2 Rxh2 26. c5 Rc8 27. Kc3 h5 28. Kc4 h4 29. gxh4 gxh4 30. Bd7 Rc7 31. Be8 Rh1 32. b5 Rc1+ 0-1


[Site "https://www.chess.com"]

[Event "Titled Tuesday Blitz March 15 Early 2022"]
[White "Samaganova, Aleksandra"]
[Black "Coto Mederos, Michel"]
[WhiteFideId "13800221"]
[BlackFideId "3508528"]
[WhiteElo "1859"]
[BlackElo "2427"]
[Result "0-1"]
[Round "03"]
[TimeControl "180+1"]
[Date "2022.03.15"]
[WhiteClock "0:00:02"]
[BlackClock "0:00:06"]

1. c4 e6 2. Nc3 d5 3. e3 Nf6 4. Nf3 Be7 5. d4 O-O 6. cxd5 exd5 7. Bd3 c6 8. h3 Re8 9. O-O Nbd7 10. a3 Nf8 11. b4 Ng6 12. b5 c5 13. dxc5 Bxc5 14. Bb2 Be6 15. Ne2 Rc8 16. Ned4 Ne4 17. Rc1 Qd7 18. Nxe6 Qxe6 19. Bxe4 dxe4 20. Nd4 Qd7 21. Qb3 Ne5 22. Rc2 Nd3 23. a4 Re5 24. Nc6 Rg5 25. Kh2 bxc6 26. bxc6 Qxc6 27. Bd4 Qd6+ 28. Kh1 Rb8 29. Qc4 Bxd4 30. exd4 h6 31. Rd2 Qf4 32. Qc6 Qxd2 0-1


[Site "https://www.chess.com"]

[Event "Titled Tuesday Blitz March 15 Early 2022"]
[White "Samunenkov, Ihor"]
[Black "Slugin, Sergey"]
[WhiteFideId "14187086"]
[BlackFideId "4122569"]
[WhiteElo "2409"]
[BlackElo "2358"]
[Result "1/2-1/2"]
[Round "03"]
[TimeControl "180+1"]
[Date "2022.03.15"]
[WhiteClock "0:00:03"]
[BlackClock "0:00:04"]

1. e4 c5 2. Nf3 e6 3. d4 cxd4 4. Nxd4 Nc6 5. Nc3 Qc7 6. Qd3 a6 7. Nxc6 bxc6 8. Qg3 Qxg3 9. hxg3 d5 10. g4 Nf6 11. g5 Nxe4 12. Nxe4 dxe4 13. Rh4 Bb7 14. Rxe4 c5 15. Ra4 Be7 16. Be3 O-O 17. O-O-O Bd5 18. Ra5 Rfc8 19. c4 Bd8 20. Ra3 Bc6 21. f4 Be7 22. Ra5 Be4 23. Rd7 Kf8 24. g3 Ke8 25. Rd2 Rc6 26. Bd3 Bxd3 27. Rxd3 Rac8 28. Kc2 Bd8 29. Ra4 Bc7 30. Raa3 f6 31. gxf6 gxf6 32. Rab3 Rb8 33. Rxb8+ Bxb8 34. a3 f5 35. Rd1 Kf7 36. Rd7+ Kg6 37. Kd3 Rd6+ 38. Rxd6 Bxd6 39. b4 cxb4 40. c5 Bc7 41. axb4 Kh5 42. Bd4 Kg4 43. Be5 Bd8 44. c6 Kxg3 45. c7 Bxc7 46. Bxc7 h5 47. Ke2 h4 48. Kf1 h3 49. Kg1 h2+ 50. Kh1 Kh3 51. Bd6 Kg3 52. Bb8 Kh3 53. Ba7 Kg3 54. Be3 Kf3 55. Bd2 Kg3 56. Bc1 Kh3 57. Bb2 Kg3 58. Be5 Kh3 59. Bf6 Kg3 60. Bg5 Kh3 61. Bd8 Kg3 62. Bc7 Kh3 63. Bb6 Kg3 64. Be3 Kh3 65. Bf2 Kg4 66. Kxh2 Kxf4 67. Kg2 Ke4 68. Bb6 f4 69. Kf2 e5 70. Bc7 Kd4 71. Kf3 Kc4 72. Ba5 Kd3 73. Bb6 Kc4 74. Ba5 Kd3 75. Bc7 Kc4 76. Ba5 1/2-1/2


[Site "https://www.chess.com"]

[Event "Titled Tuesday Blitz March 15 Early 2022"]
[White "Santos Ruiz, Miguel"]
[Black "Bok, Benjamin"]
[WhiteFideId "22291482"]
[BlackFideId "1017063"]
[WhiteElo "2486"]
[BlackElo "2658"]
[Result "0-1"]
[Round "03"]
[TimeControl "180+1"]
[Date "2022.03.15"]
[WhiteClock "0:00:07"]
[BlackClock "0:00:06"]

1. e4 c5 2. Nf3 d6 3. d4 cxd4 4. Nxd4 Nf6 5. Nc3 a6 6. Be2 e5 7. Nb3 Be7 8. Be3 Be6 9. Nd5 Nbd7 10. Qd3 O-O 11. O-O Bxd5 12. exd5 Rc8 13. c4 a5 14. Rae1 Re8 15. Qd2 b6 16. Kh1 Ne4 17. Qc2 Nec5 18. Nxc5 Nxc5 19. Bg4 Rb8 20. f4 Bf6 21. b3 Rb7 22. a3 exf4 23. Bxf4 Rxe1 24. Rxe1 Re7 25. Rxe7 Qxe7 26. Bg3 Qe3 27. b4 Ne4 28. Qe2 Nxg3+ 29. hxg3 Qc1+ 30. Kh2 g6 31. c5 dxc5 32. bxa5 bxa5 33. d6 Kg7 34. d7 c4 35. Qf2 Qg5 36. Qb6 Qxg4 37. Qxf6+ Kxf6 38. d8=Q+ Kg7 39. Qc7 Qh5+ 40. Kg1 Qd5 41. Kh2 a4 42. Qb6 Qe5 43. Qc6 c3 44. Qc4 Qh5+ 45. Kg1 Qd1+ 46. Kh2 Qd2 47. Qxc3+ Qxc3 0-1


[Site "https://www.chess.com"]